 Dungeon Crawl Stone Soup version 0.30-b1-2-g02819fbbbe (webtiles) character file.

Game seed: 18331824659376271539

4213 Anothat the Frost Mage (level 10, -5/74 HPs)
             Began as a Gnoll Wanderer on May 10, 2023.
             Slain by a red ugly thing (8 damage)
             ... on level 7 of the Dungeon on May 11, 2023.
             The game lasted 00:28:33 (10933 turns).

Anothat the Frost Mage (Gnoll Wanderer)            Turns: 10933, Time: 00:28:34

Health: -5/74      AC: 15    Str: 14    XL:     10   Next: 29%
Magic:  17/19      EV:  3    Int: 14    God:
Gold:   594        SH:  9    Dex: 11    Spells: 13/21 levels left

rFire   + . .        e - +4 trident
rCold   + . .        E - +0 kite shield
rNeg    . . .        f - +0 plate armour
rPois   +            (no helmet)
rElec   +            q - +0 cloak {Stlth+}
rCorr   +            (no gloves)
SInv    .            d - +1 pair of boots
Will    .....        (no amulet) Stlth
                     (no ring)
HPRegen 0.32/turn    (no ring)
MPRegen 0.16/turn

%: no passive effects
@: resistant, attractive, very slightly contaminated
A: fangs 1, strong nose, distributed training
a: no special abilities


You were on level 7 of the Dungeon.
You visited 1 branch of the dungeon, and saw 9 of its levels.

You collected 594 gold pieces.

Inventory:

Hand Weapons
 a - a +0 club
 e - a +4 trident (weapon)
 g - a +0 dagger
 r - a +0 halberd
 s - a +4 dagger of venom
 x - a +0 arbalest
 D - a +0 shortbow of draining
Armour
 b - a +0 chain mail
 c - a +0 robe
 d - a +1 pair of boots (worn)
 f - a +0 plate armour (worn)
 i - a +0 leather armour
 q - a +0 cloak of stealth (worn)
 E - a +0 kite shield (worn)
Jewellery
 u - the ring "Qopp" {*Corrode +Blink rF+ rN+ SInv}
   (You found it on level 3 of the Dungeon)

   [ring of see invisible]

   rF:        It protects you from fire.
   rN:        It protects you from negative energy.
   SInv:      It lets you see invisible.
   +Blink:    It lets you blink.
   *Corrode:  It may corrode you when you take damage.
 F - an amulet of magic regeneration
Wands
 w - a wand of polymorph (15)
 z - a wand of digging (2)
Scrolls
 h - 2 scrolls of amnesia
 k - a scroll of immolation {unknown}
 n - a scroll of brand weapon {unknown}
 t - 2 scrolls of identify
 A - 2 scrolls of magic mapping
 B - a scroll of fog
 G - a scroll of noise {unknown}
Potions
 j - a potion of brilliance
 l - 3 potions of degeneration
 m - a potion of attraction
 o - a potion of resistance
 p - 3 potions of flight
 v - a potion of curing
 C - 3 potions of lignification


   Skills:
 + Level 5.3 Fighting
 + Level 5.3 Short Blades
 + Level 5.3 Long Blades
 + Level 5.3 Axes
 + Level 5.3 Maces & Flails
 + Level 5.3 Polearms
 + Level 5.3 Staves
 + Level 5.3 Ranged Weapons
 + Level 5.3 Throwing
 + Level 5.3 Armour
 + Level 5.3 Dodging
 + Level 6.8 Stealth
 + Level 5.3 Shields
 + Level 5.3 Unarmed Combat
 + Level 6.1 Spellcasting
 + Level 4.4 Conjurations
 + Level 4.4 Hexes
 + Level 4.4 Summonings
 + Level 5.9 Necromancy
 + Level 4.4 Translocations
 + Level 4.4 Transmutations
 + Level 4.4 Fire Magic
 + Level 9.9 Ice Magic
 + Level 4.4 Air Magic
 + Level 4.4 Earth Magic
 + Level 4.4 Poison Magic
 + Level 5.9 Invocations
 + Level 5.3 Evocations


You had 13 spell levels left.
You knew the following spells:

 Your Spells              Type           Power      Damage    Failure   Level
a - Freeze                Ice            100%       1d10      52%         1
b - Ozocubu's Armour      Ice            32%        N/A       88%         3
c - Summon Ice Beast      Ice/Summ       24%        N/A       100%        4

Your spell library contained the following spells:

 Spells                   Type           Power      Damage    Failure   Level
 Sublimation of Blood     Necr           20%        N/A       99%         2
 Cigotuvi's Dreadful Rot  Necr/Pois/Air  36%        N/A       100%        2
 Lesser Beckoning         Tloc           32%        N/A       100%        2
 Gell's Gravitas          Tloc           16%        N/A       100%        3
 Inner Flame              Hex/Fire       16%        N/A       100%        3
 Portal Projectile        Hex/Tloc       32%        N/A       100%        3
 Teleport Other           Tloc           16%        N/A       100%        3
 Tukima's Dance           Hex            16%        N/A       100%        3
 Vhi's Electric Charge    Tloc/Air       32%        N/A       100%        3
 Airstrike                Air            8%         2d(2-18)  100%        4
 Arcjolt                  Conj/Air       8%         1d18      100%        5
 Blade Hands              Tmut           8%         N/A       100%        5
 Summon Forest            Summ/Tloc      8%         N/A       100%        5
 Summon Mana Viper        Hex/Summ       16%        N/A       100%        5
 Yara's Violent Unravell  Hex/Tmut       8%         3d5       100%        5
 Plasma Beam              Fire/Air       8%         2x1d20    100%        6
 Summon Cactus Giant      Summ           8%         N/A       100%        6
 Enfeeble                 Hex            8%         N/A       100%        7


Dungeon Overview and Level Annotations

Branches:
Dungeon (9/15)
 Temple: D:4-7         Lair: D:8-11         Orc: D:9-12

Altars:
Cheibriados
Elyvilon
Gozag
Hepliaklqana
Makhleb
Nemelex Xobeh
Ru
Vehumet
Wu Jian
Yredelemnul
Zin


Innate Abilities, Weirdness & Mutations

You have very sharp teeth.
Your uncanny sense of smell can sniff out nearby items.
Your experience applies equally to all skills.


Message History

You block the red ugly thing's attack.
You hit the red ugly thing.
The red ugly thing is moderately wounded.
You block the red ugly thing's attack.
You hit the red ugly thing but do no damage.
You bite the red ugly thing, but do no damage.
The red ugly thing is moderately wounded.
You block the red ugly thing's attack. x2
You hit the red ugly thing.
You bite the red ugly thing, but do no damage.
The red ugly thing is moderately wounded.
The red ugly thing bites you but does no damage.
Press: ? - help, v - describe, . - travel
Here: a red ugly thing (moderately wounded)
The floor, spattered with blood.
A red ugly thing is nearby!
Unknown command.
Aiming: Freeze (safe; 52% risk of failure)
Press: ? - help, Q - select action, (/) - cycle Shift-Dir - straight line, f/p - red ugly thing
Aim: a red ugly thing (moderately wounded)
You miscast Freeze.
You are very lightly contaminated with residual magic.
Nothing appears to happen.
The red ugly thing bites you.
You are engulfed in flames!
You resist.
* * * LOW HITPOINT WARNING * * *
Aiming: Freeze (safe; 52% risk of failure)
Press: ? - help, Q - select action, (/) - cycle Shift-Dir - straight line, f/p - red ugly thing
Aim: a red ugly thing (moderately wounded)
You miscast Freeze.
Nothing appears to happen.
The red ugly thing bites you!
* * * LOW HITPOINT WARNING * * *
You are engulfed in flames!
You resist.
* * * LOW HITPOINT WARNING * * *
Okay, then.
As you read the scroll of fear, it crumbles to dust.
You assume a fearsome visage.
The red ugly thing resists with some effort.
An orc comes into view. It is wielding a +0 whip.
The red ugly thing bites you!
You die...

### #.. ∆ #.# ∆
######.# ###..#
######....... #....
#....#....... #....
#..>.#.♣_)... ...
#######....#....(..
...
#u@..##....#(......
#.#
#.####.#....#.....(.
#÷# ### o#
#.####.#....... ##.#
#.# ## #.#
#..##.##### #..##
#.#
###.###...#.#....
#...# #.#
#..###......)..##
.†..# #.# ∆
#).##.....###.##
..#.# #.#
#†####........#
....###.#
#....'......###


You could see a red ugly thing and an orc (wandering).

Vanquished Creatures
  3 yaks (D:9)
  3 wyverns
  A wraith (D:9)
  A water moccasin (D:6)
  A black bear (D:8)
  4 orc warriors (D:9)
  2 ice beasts (D:6)
  A sky beast (D:6)
  4 centaurs
  2 phantoms
  2 bullfrogs (D:7)
  A scorpion (D:6)
  4 wights
  4 killer bees
  5 howler monkeys
  2 jellies
  3 hounds
  Crazy Yiuf (D:2)
  An orc priest (D:9)
  2 sleepcaps
  4 iguanas
  Ijyb (D:5)
  An orc wizard (D:9)
  A scorpion zombie (D:3)
  4 gnolls (D:4)
  10 adders
  A shadow imp (D:6)
  An ufetubus (D:5)
  An adder zombie (D:3)
  5 dart slugs
  A worm (D:5)
  32 orcs
  4 bats
  7 endoplasms
  5 giant cockroaches
  7 hobgoblins
  13 jackals
  4 quokkas
  11 ball pythons
  6 frilled lizards
  A giant cockroach zombie (D:3)
  5 goblins
  5 kobolds
  5 rats
182 creatures vanquished.

Vanquished Creatures (collateral kills)
  An ice beast (D:6)
  An ogre (D:9)
  Blork the orc (D:5)
  2 wights (D:9)
  A nameless horror (D:9)
  An orc wizard (D:9)
  An orc (D:9)
8 creatures vanquished.

Vanquished Creatures (others)
  A wyvern (D:9)
  9 fungi (D:8)
  16 plants
  6 withered plants (D:8)
32 creatures vanquished.

Grand Total: 222 creatures vanquished

Notes
Turn   | Place    | Note
-------+----------+-------------------------------------------
     0 | D:1      | Anothat the Gnoll Wanderer began the quest for the Orb.
     0 | D:1      | Anothat set off with the following items: a +0 club, a
                  | scroll of fog, a +0 robe, a +0 pair of boots; and the
                  | following spell memorised: Freeze; and the following spells
                  | available to memorise: Ozocubu's Armour, Sublimation of
                  | Blood, Cigotuvi's Dreadful Rot, Summon Ice Beast.
     0 | D:1      | Reached XP level 1. HP: 13/13 MP: 4/4
   211 | D:1      | Reached XP level 2. HP: 19/19 MP: 2/5
   745 | D:1      | Reached XP level 3. HP: 24/25 MP: 1/7
  1012 | D:1      | Reached skill level 1 in Invocations
  1721 | D:2      | Reached skill level 1 in Fighting
  1721 | D:2      | Reached skill level 1 in Short Blades
  1721 | D:2      | Reached skill level 1 in Long Blades
  1721 | D:2      | Reached skill level 1 in Axes
  1721 | D:2      | Reached skill level 1 in Maces & Flails
  1721 | D:2      | Reached skill level 1 in Polearms
  1721 | D:2      | Reached skill level 1 in Staves
  1721 | D:2      | Reached skill level 1 in Ranged Weapons
  1721 | D:2      | Reached skill level 1 in Throwing
  1721 | D:2      | Reached skill level 1 in Armour
  1721 | D:2      | Reached skill level 1 in Dodging
  1721 | D:2      | Reached skill level 1 in Shields
  1721 | D:2      | Reached skill level 1 in Unarmed Combat
  1721 | D:2      | Reached skill level 1 in Evocations
  1845 | D:2      | Reached XP level 4. HP: 21/32 MP: 8/8
  2222 | D:2      | Found a runed translucent door.
  2223 | D:2      | Noticed Crazy Yiuf
  2230 | D:2      | Learned a level 3 spell: Ozocubu's Armour
  2234 | D:2      | Killed Crazy Yiuf
  2235 | D:2      | Reached skill level 1 in Conjurations
  2235 | D:2      | Reached skill level 1 in Hexes
  2235 | D:2      | Reached skill level 1 in Summonings
  2235 | D:2      | Reached skill level 1 in Translocations
  2235 | D:2      | Reached skill level 1 in Transmutations
  2235 | D:2      | Reached skill level 1 in Fire Magic
  2235 | D:2      | Reached skill level 1 in Air Magic
  2235 | D:2      | Reached skill level 1 in Earth Magic
  2235 | D:2      | Reached skill level 1 in Poison Magic
  2316 | D:3      | Found a faded altar of an unknown god.
  2367 | D:3      | Reached XP level 5. HP: 23/37 MP: 6/9
  2538 | D:3      | Found a basalt altar of Yredelemnul.
  2807 | D:3      | Identified the ring "Qopp" {*Corrode +Blink rF+ rN+ SInv}
  2856 | D:3      | Identified the +10 quarterstaff "Dragonslayer" {flame,
                  | rPois}
  3197 | D:3      | Found a white marble altar of Elyvilon.
  3227 | D:3      | Found a sacrificial altar of Ru.
  3228 | D:3      | Found a hazy altar of Hepliaklqana.
  3491 | D:4      | Reached XP level 6. HP: 44/44 MP: 11/11
  3667 | D:4      | Found a glowing silver altar of Zin.
  4492 | D:5      | Entered Level 5 of the Dungeon
  4502 | D:5      | Reached skill level 9 in Ice Magic
  4648 | D:5      | Noticed a black bear
  4729 | D:5      | Noticed Ijyb
  4740 | D:5      | Killed Ijyb
  4746 | D:5      | Reached XP level 7. HP: 29/51 MP: 5/12
  4869 | D:5      | Found a radiant altar of Vehumet.
  4875 | D:5      | Learned a level 4 spell: Summon Ice Beast
  4892 | D:5      | Noticed Blork the orc
  4901 | D:5      | Killed Blork the orc
  5221 | D:5      | Reached skill level 5 in Stealth
  5963 | D:6      | Noticed a nameless horror
  6091 | D:6      | Reached XP level 8. HP: 55/58 MP: 14/14
  7021 | D:6      | Found a sparkling altar of Nemelex Xobeh.
  7114 | D:7      | Noticed a wyvern
  7129 | D:7      | Killed a wyvern
  7130 | D:7      | Reached skill level 5 in Necromancy
  7347 | D:9      | Noticed a wraith
  7428 | D:9      | Killed a wraith
  7429 | D:9      | Reached XP level 9. HP: 65/65 MP: 12/16
  7515 | D:9      | Reached skill level 5 in Spellcasting
  8267 | D:9      | Found an opulent altar of Gozag.
  8330 | D:9      | Reached skill level 5 in Invocations
  9338 | D:9      | Noticed a troll
  9362 | D:9      | Reached skill level 5 in Fighting
  9362 | D:9      | Reached skill level 5 in Short Blades
  9362 | D:9      | Reached skill level 5 in Long Blades
  9362 | D:9      | Reached skill level 5 in Axes
  9362 | D:9      | Reached skill level 5 in Maces & Flails
  9362 | D:9      | Reached skill level 5 in Polearms
  9362 | D:9      | Reached skill level 5 in Staves
  9362 | D:9      | Reached skill level 5 in Ranged Weapons
  9362 | D:9      | Reached skill level 5 in Throwing
  9362 | D:9      | Reached skill level 5 in Armour
  9362 | D:9      | Reached skill level 5 in Dodging
  9362 | D:9      | Reached skill level 5 in Shields
  9362 | D:9      | Reached skill level 5 in Unarmed Combat
  9362 | D:9      | Reached skill level 5 in Evocations
  9584 | D:8      | Found a burning altar of Makhleb.
  9673 | D:8      | Reached XP level 10. HP: 67/74 MP: 18/18
  9761 | D:8      | Got the Secrets of Breath
  9779 | D:8      | Found a snail-covered altar of Cheibriados.
 10553 | D:7      | Found an ornate altar of the Wu Jian Council.
 10919 | D:7      | Noticed a red ugly thing
 10932 | D:7      | HP: 3/74 [red ugly thing (7)]
 10933 | D:7      | Slain by a red ugly thing

Illustrated notes

Levels and vault maps discovered:
D:1:      scummos_arrival_simple_fountains, layout_loops_ring, minivault_11
D:2:      layout_loops_ring, uniq_crazy_yiuf_cottage
D:3:      layout_basic, nicolae_yredelemnul_corpse_copse, elyvilon_altar_5,
          gammafunk_temple_overflow_statue, ebering_ecumenical_altar_webs,
          hellmonk_no_cap
D:4:      layout_loops_ring, mainiacjoe_overflow_alcove_2, serial_glass,
          glass_columns_a, glass_columns_a, minmay_strange_pillars,
          minmay_strange_pillars, item_on_display_a, item_on_display_a,
          minmay_misc_feat_secret_circle
D:5:      layout_gridville, mainiacjoe_overflow_boulevard,
          serial_bayou_crossing, uniq_ijyb, uniq_blork_the_orc
D:6:      layout_basic, nemelex_spade_bored_becter
D:7:      minmay_chambers_of_fours, layout_rooms, nzn_wu_jian_contemplation,
          minmay_temple_entry_fiery
D:8:      layout_basic, lemuel_tele_altar, kiku_gazebo_garden_becter,
          trog_hazing_becter, lemuel_round_altar,
          grunt_lair_entry_orc_guard_hut, serial_shops, shop
D:9:      layout_gridville, nicolae_gozag_cash_rules_everything_around_me,
          special_room [special_room_orc]

Skill      XL: |  1  2  3  4  5  6  7  8  9 10 |
---------------+-------------------------------+-----
Invocations    | 1 2 3 4 5 |  5.9
Fighting       | 1 2 3 4 5 |  5.3
Short Blades   | 1 2 3 4 5 |  5.3
Long Blades    | 1 2 3 4 5 |  5.3
Axes           | 1 2 3 4 5 |  5.3
Maces & Flails | 1 2 3 4 5 |  5.3
Polearms       | 1 2 3 4 5 |  5.3
Staves         | 1 2 3 4 5 |  5.3
Ranged Weapons | 1 2 3 4 5 |  5.3
Throwing       | 1 2 3 4 5 |  5.3
Armour         | 1 2 3 4 5 |  5.3
Dodging        | 1 2 3 4 5 |  5.3
Shields        | 1 2 3 4 5 |  5.3
Unarmed Combat | 1 2 3 4 5 |  5.3
Evocations     | 1 2 3 4 5 |  5.3
Spellcasting   | 3 4 5 6 |  6.1
Conjurations   | 1 2 3 4 |  4.4
Hexes          | 1 2 3 4 |  4.4
Summonings     | 1 2 3 4 |  4.4
Translocations | 1 2 3 4 |  4.4
Transmutations | 1 2 3 4 |  4.4
Fire Magic     | 1 2 3 4 |  4.4
Air Magic      | 1 2 3 4 |  4.4
Earth Magic    | 1 2 3 4 |  4.4
Poison Magic   | 1 2 3 4 |  4.4
Necromancy     | 4 5 |  5.9
Ice Magic      | 9 |  9.9
Stealth        | 5 6 |  6.8

Action                     |  1- 3 |  4- 6 |  7- 9 | 10-12 || total
---------------------------+-------+-------+-------+-------++-------
  Melee: Club              |    20 |       |       |       ||    20
         Bite              |     9 |    19 |    34 |    22 ||    84
         Dagger            |    88 |   197 |   240 |       ||   525
         Punch             |     2 |     3 |     5 |       ||    10
         Trident           |       |       |    20 |   138 ||   158
   Cast: Freeze            |    29 |    36 |    15 |       ||    80
         Ozocubu's Armour  |       |     3 |     1 |       ||     4
         Summon Ice Beast  |       |       |     7 |       ||     7
  Evoke: Wand              |       |       |    15 |     1 ||    16
    Use: Scroll            |     3 |     8 |     6 |     1 ||    18
         Potion            |       |       |    11 |     3 ||    14
   Stab: Sleeping          |     7 |    16 |    11 |       ||    34
         Distracted        |       |       |     1 |       ||     1
 Armour: Robe              |    27 |       |       |       ||    27
         Leather armour    |    20 |    71 |    63 |       ||   154
         Skin              |       |       |     8 |       ||     8
         Plate armour      |       |       |    17 |    94 ||   111
  Dodge: Dodged            |    80 |   100 |   138 |    20 ||   338
  Block: Kite shield       |       |       |    41 |    77 ||   118
